Unix NetHack Version 5.0.0-0 post-release - last build May 10 2026 23:12:36 (d1fa5d53e341ca933230fdaa984d921c805b60aa,branch:main).

Game began 2026-05-12 17:52:16, ended 2026-05-12 18:12:37.

DaveT, lawful male human Priest

                                                 --
                       ------                    -.---
                       |....|                    ....|
       --        --  ---....|                    -...--
       |.        |.---......--  - |     --        ....|
      --...      |...........---..|     |.         -.--.-
      |...... -  |...............-   -----....  ----.|..|
           .... ----...........--    #...........G@....-
              -..%>...%........?-    -h.....   ----..---
              -------........."......G.....<.... |..--
                    -----......- ----------      |.--
                        .........|               ..-
                        -........|              ...
                        -........|              ...
                         ........-             .....
                        -.---.....            ......
                        ---  -.|*.|          -..|.---
                              -----          -----
DaveT the Adept              St:16 Dx:10 Co:16 In:4 Wi:18 Ch:10  Lawful
Dlvl:9  $:52 HP:0(52) Pw:56(56) AC:4  Xp:6 T:2878 

Latest messages:
 You kill the gnome lord!
 The gnome is caught in a spider web.
 The gnome picks up 11 darts.
 You see here a gnome lord corpse.
 The dwarf wields a pick-axe.
 You hit the giant spider!
 The giant spider bites!
 You hit the giant spider!
 The giant spider bites!
 You kill the giant spider!
 You see here a giant spider corpse.
 You hear crashing rock.
 You see here a statue of a vampire.
 The statue moves!
 You hit the vampire bat!
 The vampire bat bites!
 The vampire bat bites again!
 You hit the vampire bat!
 The vampire bat bites!
 The vampire bat bites again!
 The vampire bat's bite was poisoned!
 The poison doesn't seem to affect you.
 The vampire bat bites!
 The vampire bat bites again!
 You kill the vampire bat!
 The seemingly dead vampire bat suddenly transforms and rises as a vampire!
 The vampire hits!
 The vampire bites!
 You hit the vampire!
 The vampire hits!
 The vampire bites!
 You avoid harm.
 You hit the vampire!
 The vampire hits!
 The vampire bites!
 What do you want to read? [lp or ?*] l
 As you read the scroll, it disappears.
 Where do you want to be teleported?
 (For instructions type a '?')
 Sorry...
 You materialize in a different location!
 You kill the gnome!
 You hear crashing rock.
 The gnome wields a thonged club!
 The gnome secures the tether on the thonged club.
 The gnome swings his thonged club.
 The gnome hits!
 You die...
 Do you want your possessions identified? [ynq] (y) y
 Do you want to see your attributes? [ynq] (y) q

Inventory:
 Coins    ('$')
  $ - 52 gold pieces
 Amulets  ('"')
  X - an amulet versus poison (being worn)
 Weapons  (')')
  W - 16 +0 darts
  d - a +0 orcish dagger
  a - a blessed rustproof +5 mace (weapon in right hand)
 Armor    ('[')
  k - a blessed +1 small shield (being worn)
  c - a +0 small shield
  b - a +2 robe (being worn)
 Comestibles  ('%')
  e - a clove of garlic
  V - 2 cram rations
  r - 4 food rations
  m - a cursed food ration
  f - a sprig of wolfsbane
  u - a lichen corpse
 Scrolls  ('?')
  p - a scroll of identify
 Rings    ('=')
  T - a cursed ring of teleport control
 Wands    ('/')
  q - a wand of digging (0:8)
 Tools    ('(')
  h - an empty sack
  Z - an empty sack
  P - a blindfold
  n - a cursed brass lantern
  g - a magic lamp
  i - a +0 pick-axe
 Gems/Stones  ('*')
  o - 2 worthless pieces of yellowish brown glass
  j - a flint stone

DaveT the Priest's attributes:

Background:
 You were an Adept, a level 6 human Priest.
 You were lawful, on a mission for Mitra
 who was opposed by Crom (neutral) and Set (chaotic).
 You were right-handed.
 You were in the Gnomish Mines, on level 9.
 You entered the dungeon 2878 turns ago.
 You had 582 experience points, 58 more were needed to attain level 7.

Basics:
 You had 0 out of 52 hit points.
 You had all 56 energy points (spell power).
 Your armor class was 4.
 Your wallet contained 52 zorkmids.
 Autopickup was off.

Final Characteristics:
 Your strength was 16 (limit:18/100).
 Your dexterity was 10 (limit:18).
 Your constitution was 16 (limit:18).
 Your intelligence was 4 (peak:8, limit:18).
 Your wisdom was 18 (limit:18).
 Your charisma was 10 (limit:18).

Final Status:
 You weren't hungry.
 You were unencumbered.
 You were wielding a mace.
 You were skilled in mace.

Final Attributes:
 You were piously aligned.
 You were poison resistant.
 You were guarded.
 Your spell casting was enhanced by wearing a robe.
 You are dead.

Miscellaneous:
 You didn't encounter any bones levels.
 Total elapsed playing time was 20 minutes and 18 seconds.

Major events:
 Turn
    1: DaveT the lawful human Priest entered the dungeon
  607: attained the rank of Acolyte (level 3)
 1497: entered the Gnomish Mines
 2425: attained the rank of Adept (level 6)
 2878: killed by a gnome

Spells:
 Name                 Level Category     Fail Retention
 healing                1   healing        0%  76%-100%
 create monster         2   clerical       0%   81%-90%

Skills:
 Fighting Skills
   bare handed combat [Unskilled]
 Weapon Skills
   club               [Unskilled]
   mace               [Skilled]
   morning star       [Unskilled]
   flail              [Unskilled]
   hammer             [Unskilled]
   quarterstaff       [Unskilled]
   polearms           [Unskilled]
   spear              [Unskilled]
   trident            [Unskilled]
   lance              [Unskilled]
   bow                [Unskilled]
   sling              [Unskilled]
   crossbow           [Unskilled]
   dart               [Unskilled]
   shuriken           [Unskilled]
   boomerang          [Unskilled]
   unicorn horn       [Unskilled]
 Spellcasting Skills
   healing spells     [Unskilled]
   divination spells  [Unskilled]
   clerical spells    [Basic]

Voluntary challenges:
 Character rerolling was not enabled.
 You never genocided any monsters.
 You never polymorphed an object.
 You never changed form.
 You used no wishes.
Achievements:
 You entered a shop.
 You attained the rank of Acolyte.
 You entered the Gnomish Mines.
 You attained the rank of Adept.

 The Dungeons of Doom: levels 1 to 5
    Level 1:
       A fountain, a grave.
    Level 2:
       A general store, a fountain.
    Level 3:
    Level 4:
       A scroll shop, some fountains.
       Stairs down to The Gnomish Mines.
    Level 5:
 The Gnomish Mines: levels 5 to 10
    Level 5:
    Level 6:
    Level 7:
    Level 9: <- You were here.
       Final resting place for
          you, killed by a gnome.
    Level 10:


Vanquished creatures:
  a small mimic
  a giant spider
 an imp
  2 fog clouds
  a shrieker
  7 gnome leaders
  2 gnomish wizards
  a little dog
  3 hill orcs
  a giant bat
  a werejackal
  3 iguanas
  a hobgoblin
  2 giant rats
  2 cave spiders
  2 red molds
 20 gnomes
  3 geckos
  5 jackals
  a fox
  2 kobolds
  a sewer rat
  7 grid bugs
  2 lichens
  2 kobold zombies
  4 newts
78 creatures vanquished.

No species were genocided or became extinct.

Game over:
                       ----------
                      /          \
                     /    REST    \
                    /      IN      \
                   /     PEACE      \
                  /                  \
                  |      DaveT       |
                  |      52 Au       |
                  |   killed by a    |
                  |      gnome       |
                  |                  |
                  |                  |
                  |       2026       |
                 *|     *  *  *      | *
        _________)/\\_//(\/(/\)/\//\/|_)_______

Goodbye DaveT the Priest...

You died in The Gnomish Mines on dungeon level 9 with 2919 points,
and 52 pieces of gold, after 2878 moves.
You were level 6 with a maximum of 52 hit points when you died.

